 Dungeon Crawl Stone Soup version 0.30.1-11-g7821555f0a (webtiles) character file.

Game seed: 2956787817798454503

1773 woodlu009 the Blocker (level 8, -2/70 HPs)
             Began as a Minotaur Fighter on Dec 29, 2023.
             Was an Initiate of Makhleb.
             Slain by a troll (10 damage)
             ... on level 6 of the Dungeon.
             The game lasted 00:28:39 (3995 turns).

woodlu009 the Blocker (Minotaur Fighter)            Turns: 3995, Time: 00:28:40

Health: -2/70      AC:  9    Str: 23    XL:     8   Next: 80%
Magic:  7/7        EV:  9    Int:  5    God:    Makhleb [......]
Gold:   274        SH: 15    Dex: 10    Spells: 7/7 levels left

rFire   + . .        u - +3 rapier (speed)
rCold   x . .        g - +1 tower shield
rNeg    . . .        b - +0 scale mail
rPois   .            (helmet restricted)
rElec   .            (no cloak)
rCorr   .            z - +0 pair of gloves
SInv    .            (no boots)
Will    .....        l - amulet of the acrobat Stlth
                     B - ring of fire
HPRegen 0.31/turn    (no ring)
MPRegen 0.10/turn

%: acrobat
@: no status effects
A: horns 2, retaliatory headbutt
a: Renounce Religion


You were on level 6 of the Dungeon.
You worshipped Makhleb.
Makhleb was noncommittal.
You visited 1 branch of the dungeon, and saw 6 of its levels.

You collected 274 gold pieces.

Inventory:

Hand Weapons
 a - a +1 trident
 e - a +0 short sword
 p - a +0 giant club
 u - a +3 rapier of speed (weapon)
 w - a +0 hammer
 y - a +3 quarterstaff of chaos
 A - a +0 sling
 C - a +0 spear of venom
 D - a +0 giant spiked club
Missiles
 h - 13 poisoned darts (quivered)
Armour
 b - a +0 scale mail (worn)
 c - a +0 buckler
 f - a +0 robe
 g - a +1 tower shield (worn)
 q - a +0 helmet
 z - a +0 pair of gloves (worn)
 E - the +1 robe "Uhelojog" {Slay+5}
   (You found it on level 6 of the Dungeon)

   Slay:      It affects your accuracy & damage with ranged weapons and melee
   (+5).
Jewellery
 l - an amulet of the acrobat (around neck)
 B - a ring of fire (left hand)
Wands
 x - a wand of flame (4)
Scrolls
 m - 3 scrolls of blinking
 s - 2 scrolls of noise
Potions
 i - a potion of flight
 j - a potion of curing
 n - 2 potions of lignification
 o - 2 potions of brilliance
 r - a potion of resistance
 t - a potion of degeneration {unknown}
 v - a potion of ambrosia {unknown}


   Skills:
 + Level 5.8 Fighting
 + Level 4.6 Short Blades
 + Level 4.9 Polearms
 + Level 6.6 Armour
 + Level 3.9 Dodging
 + Level 0.7 Stealth
 + Level 8.7 Shields


You had 7 spell levels left.
You didn't know any spells.
Your spell library contained the following spells:

 Spells                   Type           Power      Damage    Failure   Level
 Magic Dart               Conj           0%         1d3       99%         1
 Call Imp                 Summ           0%         N/A       100%        2
 Cigotuvi's Dreadful Rot  Necr/Pois/Air  0%         N/A       100%        2
 Ignite Poison            Fire/Tmut/Pois 0%         N/A       100%        3
 Mephitic Cloud           Conj/Pois/Air  0%         N/A       100%        3
 Freezing Cloud           Conj/Ice/Air   0%         6-21      100%        5


Dungeon Overview and Level Annotations

Branches:
Dungeon (6/15)
 Temple: D:4-7

Altars:
Makhleb
Vehumet
Wu Jian
Yredelemnul

Shops:
D:1 *(=*[   D:4 *

Annotations:
D:6 1 transporter


Innate Abilities, Weirdness & Mutations

You have a pair of horns on your head.
You reflexively headbutt those who attack you in melee.


Message History

The troll is almost dead.
You feel sick. You block the killer bee's attack.
You block the centaur's attack. The centaur kicks you.
The killer bee stings you.
* * * LOW HITPOINT WARNING * * *
The acid dragon barely misses you. You furiously retaliate!
You headbutt the acid dragon. You block the acid dragon's attack.
The troll bites you.
* * * LOW HITPOINT WARNING * * *
The troll claws you but does no damage. The troll claws you.
* * * LOW HITPOINT WARNING * * *
The centaur closely misses you. The centaur barely misses you.
You feel better. You block the killer bee's attack.
The centaur closely misses you. The centaur kicks you.
* * * LOW HITPOINT WARNING * * *
The killer bee stings you but does no damage.
The acid dragon bites you but does no damage.
The acid dragon claws you but does no damage.
The troll barely misses you. The troll claws you.
* * * LOW HITPOINT WARNING * * *
The troll claws you.
* * * LOW HITPOINT WARNING * * *
You feel better. You block the killer bee's attack.
You block the centaur's attack.
The centaur kicks you but does no damage.
You block the killer bee's attack. The acid dragon spits acid at you.
The splash of acid misses you. The troll closely misses you.
The troll barely misses you. The troll claws you.
* * * LOW HITPOINT WARNING * * *
The centaur closely misses you. You block the centaur's attack.
You hit the troll.
The troll is almost dead.
The killer bee stings you but does no damage.
You block the centaur's attack. x2; You block the acid dragon's attack.
The acid dragon closely misses you. The killer bee closely misses you.
The troll bites you.
* * * LOW HITPOINT WARNING * * *
The troll claws you!
You die...

.....# ##...............##..#
.....# #.......##.....###....
.....# #.....................
.##### #..÷).#########.......
.##### ##..))##.......##.....
.....###...).#8.#...#.8#.#...
.............#...#.#.[$#.#.#.
.....###.....#.c.....?.#...#.
.....#...#..©#CT@....$_#©....
.............#.Dy....:.#....
.....#.###...#...#.#.$$#.....#
...........#.#8.#...#.8#.##..#
...##..#...#.##...©...##.##..#
...#..#..#...)#########......#
........#...[...........###..####
..........###)).................#
.....######...##...(.............


You could see a cyclops, a troll, an acid dragon (catching breath), a centaur
and a killer bee.

Vanquished Creatures
  The ghost of Borsukrates the Poker, an amateur NaFi (D:5)
  Eustachio (D:4)
  An ice beast (D:5)
  A sky beast (D:6)
  2 ogres
  A centaur (D:5)
  2 phantoms
  Blork the orc (D:4)
  A kobold brigand (D:6)
  A scorpion (D:6)
  2 hounds
  A jelly (D:4)
  4 orc priests
  Crazy Yiuf (D:5)
  A sleepcap (D:5)
  An iguana (D:6)
  3 orc wizards
  8 gnolls
  5 adders
  A white imp (D:5)
  2 ufetubi
  A worm (D:3)
  4 dart slugs (D:3)
  25 orcs
  8 ball pythons
  2 endoplasms
  A giant cockroach (D:3)
  7 goblins
  10 hobgoblins
  4 jackals
  13 kobolds
  2 quokkas
  5 bats
  4 frilled lizards
  6 rats
133 creatures vanquished.

Notes
Turn   | Place    | Note
-------+----------+-------------------------------------------
     0 | D:1      | woodlu009 the Minotaur Fighter began the quest for the Orb.
     0 | D:1      | Reached XP level 1. HP: 19/19 MP: 0/0
    56 | D:1      | Found Petatal's General Store.
   190 | D:1      | Reached XP level 2. HP: 27/27 MP: 1/1
   230 | D:1      | Found Joimaup's Jewellery Shoppe.
   315 | D:1      | Found Veq Tiag's General Store.
   352 | D:1      | Found Vainar's Antique Weapon Emporium.
   541 | D:1      | Found Maheej's Antique Armour Boutique.
   618 | D:2      | Reached XP level 3. HP: 33/33 MP: 2/2
   636 | D:2      | Reached skill level 4 in Shields
   723 | D:3      | Reached XP level 4. HP: 19/40 MP: 3/3
   971 | D:3      | Reached skill level 1 in Dodging
   995 | D:3      | Identified the +2 scale mail of Ilootuitz {Will+ Regen+
                  | Str-2}
  1004 | D:3      | Noticed an ogre
  1013 | D:3      | Killed an ogre
  1014 | D:3      | Reached skill level 5 in Shields
  1014 | D:3      | Reached XP level 5. HP: 18/47 MP: 4/4
  1218 | D:3      | Reached XP level 6. HP: 41/55 MP: 5/5
  1535 | D:4      | Found a radiant altar of Vehumet.
  1551 | D:4      | Reached skill level 5 in Fighting
  1745 | D:4      | Noticed Eustachio
  1776 | D:4      | Killed Eustachio
  1777 | D:4      | Reached skill level 5 in Armour
  1777 | D:4      | Reached skill level 6 in Shields
  1777 | D:4      | Reached XP level 7. HP: 55/61 MP: 6/6
  1804 | D:4      | Noticed Blork the orc
  1835 | D:4      | Killed Blork the orc
  2096 | D:4      | Found a basalt altar of Yredelemnul.
  2207 | D:4      | Found Rezem's Assorted Antiques.
  2474 | D:5      | Entered Level 5 of the Dungeon
  2646 | D:5      | Reached skill level 1 in Short Blades
  2759 | D:5      | Found a runed translucent door.
  2760 | D:5      | Noticed Crazy Yiuf
  2767 | D:5      | Killed Crazy Yiuf
  2779 | D:5      | Reached skill level 7 in Shields
  2888 | D:5      | Reached XP level 8. HP: 68/69 MP: 7/7
  3048 | D:5      | Found a runed translucent door.
  3050 | D:5      | Noticed Borsukrates's ghost (amateur NaFi)
  3074 | D:5      | Killed Borsukrates's ghost
  3577 | D:6      | Found a transporter.
  3578 | D:6      | Noticed a cyclops
  3579 | D:6      | Found an ornate altar of the Wu Jian Council.
  3579 | D:6      | Noticed a troll
  3583 | D:6      | Found a transporter.
  3629 | D:6      | Reached skill level 8 in Shields
  3670 | D:6      | Found a burning altar of Makhleb.
  3683 | D:6      | Became a worshipper of Makhleb the Destroyer
  3758 | D:6      | Identified the +1 robe "Uhelojog" {Slay+5}
  3995 | D:6      | Slain by a troll

Illustrated notes

Levels and vault maps discovered:
D:1:      minmay_arrival_jagged, layout_basic, serial_shops,
          nicolae_shop_overgrown_old_shop, shop, shop, shop, shop
D:2:      layout_basic, serial_shops, shop, guppyfry_early_orc_mine,
          uniq_jessica
D:3:      minmay_bubble_buster, layout_loops_ring
D:4:      layout_loops_ring, mainiacjoe_overflow_tiny_flanked,
          mainiacjoe_overflow_alcove_2, serial_shops, shop, uniq_blork_the_orc,
          uniq_eustachio
D:5:      layout_gridville, ebering_ghost_reflecting_pool,
          uniq_crazy_yiuf_cottage
D:6:      layout_rooms, mainiacjoe_overflow_chevrons,
          gammafunk_temple_overflow_arena, serial_corexii_hall,
          chequers_hall_statues_corner_a, corexii_hall_statues_l

Skill      XL: |  1  2  3  4  5  6  7  8 |
---------------+-------------------------+-----
Fighting       | 4 5 |  5.8
Armour         | 4 5 6 |  6.6
Polearms       | 3 4 |  4.9
Shields        | 4 5 6 7 8 |  8.7
Dodging        | 1 2 3 |  3.9
Short Blades   | 2 4 |  4.6
Stealth        | |  0.7

Action                     |  1- 3 |  4- 6 |  7- 9 || total
---------------------------+-------+-------+-------++-------
  Melee: Trident           |    84 |   141 |       ||   225
         Headbutt          |     7 |    18 |    55 ||    80
         Rapier            |       |       |   243 ||   243
    Use: Scroll            |     6 |     5 |     5 ||    16
         Potion            |       |       |     5 ||     5
 Armour: Scale mail        |    44 |    98 |    77 ||   219
  Dodge: Dodged            |    27 |    51 |    83 ||   161
  Block: Tower shield      |    47 |   152 |   201 ||   400
